 Dungeon Crawl Stone Soup version 0.18.1-50-g88ac8fd (console) character file.

110 Kloppie the Shield-Bearer (level 5, -3/42 HPs)
             Began as a Formicid Fighter on Oct 25, 2016.
             Killed from afar by Natasha (8 damage)
             ... with a magic dart
             ... on level 2 of the Dungeon.
             The game lasted 00:02:11 (1255 turns).

Kloppie the Shield-Bearer (Formicid Fighter)        Turns: 1255, Time: 00:02:12

Health: -3/42      AC:  8    Str: 20    XL:     5   Next: 14%
Magic:  5/5        EV:  8    Int:  8    God:
Gold:   51         SH: 10    Dex: 11    Spells: 0 memorised, 4 levels left

rFire  . . .     SeeInvis +     a - +0 quarterstaff
rCold  . . .     Gourm    .     b - +0 scale mail
rNeg   . . .     Faith    .     c - +0 shield
rPois  .         Spirit   .     (helmet unavailable)
rElec  .         Dismiss  .     (no cloak)
rCorr  .         Reflect  .     (no gloves)
SustAt .         Harm     .     o - +0 pair of boots
MR     .....                    (no amulet)
Stlth  ..........               (no ring)
                                (no ring)

@: not resistant to hostile enchantments, extremely unstealthy
A: permanent stasis, dig shafts and tunnels, four strong arms, antennae 3
a: Dig, Shaft Self


You were on level 2 of the Dungeon.
You were not hungry.

You visited 1 branch of the dungeon, and saw 2 of its levels.

You collected 51 gold pieces.

Inventory:

Hand Weapons
 a - a +0 quarterstaff (weapon)
Armour
 b - a +0 scale mail (worn)
 c - a +0 shield (worn)
 o - a +0 pair of boots (worn)
Jewellery
 i - an uncursed ring of sustain attributes {unknown}
Scrolls
 e - a scroll of amnesia {unknown}
 g - a scroll of remove curse {unknown}
 j - a scroll of fog {unknown}
 l - 2 scrolls of enchant armour {unknown}
 p - a scroll of identify {unknown}
Potions
 d - 2 potions of curing {unknown}
 m - a potion of brilliance {unknown}
 n - 2 potions of flight {unknown}
Comestibles
 f - 3 bread rations
 h - 3 fruits
 k - 3 chunks of flesh


   Skills:
 + Level 4.0 Fighting
 + Level 3.3 Staves
 - Level 3.2 Armour
 + Level 5.0 Shields


You had 4 spell levels left.
You didn't know any spells.

Dungeon Overview and Level Annotations

Branches:
Dungeon (2/15)

Altars:
Nemelex Xobeh
The Shining One

Annotations:
D:2 Natasha


Innate Abilities, Weirdness & Mutations

You are under a permanent stasis effect.
You can dig through walls and to a lower floor.
Your four strong arms can wield two-handed weapons with a shield.
You have a pair of large antennae on your head (SInv).


Message History

You block the white imp's attack. The iron imp hits you.
* * * LOW HITPOINT WARNING * * *
You closely miss Natasha. Natasha claws you but does no damage.
The white imp hits you but does no damage.
You miss Natasha. You block the iron imp's attack. You block Natasha's attack.
The white imp barely misses you.
Some of the chunks of flesh in your inventory have rotted away.
You block Natasha's attack. Natasha claws you.
* * * LOW HITPOINT WARNING * * *
Natasha casts a spell.
The white imp disappears in a puff of smoke!
The iron imp sputters.
The iron imp disappears in a puff of smoke!
Natasha stares at you and mumbles some strange words.
The magic dart hits you!
* * * LOW HITPOINT WARNING * * *
Natasha stares at you and mumbles some strange words.
The magic dart hits you!
You die...

##.# #...# ##.........#
##.#####...# #######..........#
.#.......#.###................#
##.#..##...#.........#.5......#
#....####.............h....(..#
#.##.##...............####§.#####
........###...........# ##.#....
...##....##...........# #.#....
...#####.##.....@.....# #.#....
......##...#.........## #§#....
.............<........# #5.....
......#####.#.........# #..##.#
......#####...........# ###.###.#
.................)....###....#).#
..<#.######......................
#..#.## ###..................##
#.....#######.#.....#..........##


You could see Natasha and a white imp.

Vanquished Creatures
  Natasha (twice) (D:2)
  2 adders (D:2)
  An ooze (D:1)
  3 dart slugs
  A giant gecko (D:1)
  5 bats
  4 giant cockroaches (D:1)
  2 goblins (D:1)
  2 hobgoblins (D:1)
  4 kobolds (D:1)
  A quokka (D:2)
  A ball python (D:1)
  2 giant newts
  3 rats
33 creatures vanquished.

Notes
Turn   | Place    | Note
--------------------------------------------------------------
     0 | D:1      | Kloppie the Formicid Fighter began the quest for the Orb.
     0 | D:1      | Reached XP level 1. HP: 18/18 MP: 1/1
   119 | D:1      | Reached XP level 2. HP: 17/24 MP: 2/2
   127 | D:1      | Reached skill level 4 in Shields
   246 | D:1      | Reached XP level 3. HP: 12/29 MP: 3/3
   843 | D:2      | Noticed Natasha
   854 | D:2      | Killed Natasha
   854 | D:2      | Reached XP level 4. HP: 24/37 MP: 4/4
   943 | D:2      | Found a sparkling altar of Nemelex Xobeh.
  1026 | D:2      | Found a glowing golden altar of the Shining One.
  1096 | D:2      | Noticed Natasha
  1104 | D:2      | Killed Natasha
  1104 | D:2      | Reached skill level 5 in Shields
  1104 | D:2      | Reached XP level 5. HP: 31/42 MP: 5/5
  1223 | D:2      | Noticed Natasha
  1255 | D:2      | Killed from afar by Natasha

Skill      XL: |  1  2  3  4 |
---------------+-------------+-----
Shields        | 4 5 |  5.0
Staves         | 3 |  3.3
Fighting       | 4 |  4.0
Armour         | |  3.2

Action                   |  1- 3 |  4- 6 || total
-------------------------+-------+-------++-------
Melee: Quarterstaff      |    80 |    32 ||   112
  Use: Potion            |     1 |       ||     1
  Eat: Chunk             |       |     1 ||     1
Armor: Scale mail        |    27 |    16 ||    43
Dodge: Dodged            |    24 |    12 ||    36
Block: Shield            |    49 |    16 ||    65
